 Dungeon Crawl Stone Soup version 0.13-a0-3092-g1832de8 (webtiles) character file.

1713 Misa the Covert (level 8, -10/62 HPs)
             Began as a Naga Fire Elementalist on Sept 18, 2013.
             Was a Priest of Cheibriados.
             Mangled by an orc warrior
             ... wielding a -1,+0 orcish halberd
              (15 damage)
             ... on Level 6 of the Dungeon.
             The game lasted 00:30:16 (8111 turns).

Misa the Covert (Naga Fire Elementalist)            Turns: 8111, Time: 00:30:16

HP -10/62        AC  9     Str 18      XL: 8   Next: 91%
MP   8/18        EV  9     Int 24      God: Cheibriados [***...]
Gold 134         SH  0     Dex 19      Spells:  4 memorised,  3 levels left

Res.Fire  : . . .   See Invis. : +   n - +0,+2 mace (protect)
Res.Cold  : . . .   Warding    : .   a - +0 robe
Life Prot.: . . .   Conserve   : .   g - +0 elf buckler
Res.Poison: +       Res.Corr.  : .   (no helmet)
Res.Elec. : .       Clarity    : .   (no cloak)
Sust.Abil.: . .     Spirit.Shd : .   t - +0 pair of dwarf gloves
Res.Mut.  : .       Stasis     : .   (no barding)
Res.Rott. : .       Flight     : .   (no amulet)
Saprovore : . . .                    (no ring)
                                     (no ring)

@: confused, very slow, somewhat resistant to hostile enchantments, fairly
stealthy
A: spit poison, see invisible, deformed body, poison resistance, slowness 2, AC
+2
a: Spit Poison, Bend Time, Temporal Distortion, Renounce Religion


You were on level 6 of the Dungeon.
You worshipped Cheibriados.
Cheibriados was greatly pleased with you.
You were hungry.

You visited 2 branches of the dungeon, and saw 7 of its levels.

You collected 114 gold pieces.

Inventory:

Hand weapons
 n - a +0,+2 mace of protection (weapon)
 w - a +2,+0 short sword of venom
 x - a +1,+0 dire flail of holy wrath
Missiles
 d - 3 darts of flame (quivered)
 G - 15 arrows of dispersal
Armour
 a - a +0 robe (worn)
 g - a +0 elven buckler (worn)
 t - a +0 pair of dwarven gloves (worn)
Magical devices
 j - a wand of polymorph (4) {unknown}
 u - a wand of disintegration (12)
Comestibles
 c - 4 bread rations
 A - a meat ration
 D - 2 apples
 H - a sausage
Scrolls
 e - a scroll of blinking {unknown}
 f - a scroll of noise {unknown}
 h - 3 scrolls of teleportation
 l - 2 scrolls of remove curse
 m - a scroll of amnesia {unknown}
 p - 2 scrolls of enchant weapon I {unknown}
 q - 3 scrolls of enchant armour {unknown}
 v - a scroll of magic mapping {unknown}
 y - a scroll of curse jewellery {unknown}
 z - a scroll of identify {unknown}
 B - 2 scrolls of curse armour {unknown}
 C - a scroll of enchant weapon II {unknown}
Potions
 i - a potion of confusion
 k - 2 potions of curing
 o - a potion of might
 r - a potion of poison {unknown}
 s - a potion of paralysis {unknown}
 I - a potion of degeneration {unknown}
Books
 b - a book of Flames

   Spells                             Type                      Level
   *Flame Tongue                      Conjuration/Fire             1
   Throw Flame                        Conjuration/Fire             2
   *Conjure Flame                     Conjuration/Fire             3
   Inner Flame                        Hexes/Fire                   3
   *Sticky Flame                      Conjuration/Fire             4
   *Fireball                          Conjuration/Fire             5


   Skills:
 - Level 1.6 Dodging
 + Level 8.8 Stealth
 + Level 4.8 Spellcasting
 + Level 5.2 Conjurations
 + Level 6.2 Fire Magic
 + Level 1.4 Invocations


You had 3 spell levels left.
You knew the following spells:

 Your Spells              Type           Power        Failure   Level  Hunger
a - Flame Tongue          Conj/Fire      ####.        1%          1    None
b - Conjure Flame         Conj/Fire      ####....     3%          3    ##.....
c - Sticky Flame          Conj/Fire      ####....     12%         4    ####...
d - Fireball              Conj/Fire      ####......   34%         5    #####..


Dungeon Overview and Level Annotations

Branches:
Dungeon (6/27)             Temple (1/1) D:4
    Orc: D:6-11

Altars:
Cheibriados
Elyvilon
Fedhas
Makhleb
Nemelex Xobeh
Okawaru
Sif Muna
Trog
Vehumet
Yredelemnul
Zin
the Shining One

Shops:
D:5 /

Annotations:
D:4 profreshinal's ghost, weakling MiTm


Innate Abilities, Weirdness & Mutations

You cannot wear boots.
You can spit poison.
Your serpentine skin is tough (AC +2).
You have supernaturally acute eyesight.
Armour fits poorly on your strangely shaped body.
Your system is resistant to poisons.
You cover ground very slowly.


Message History

Aiming: Sticky Flame
Press: ? - help, Shift-Dir - straight line, f - orc warrior
Aim: an orc warrior, wielding an orcish halberd and wearing an orcish chain mail The sticky flame hits the orc warrior.
The orc warrior appears unharmed.
The orc warrior is covered in liquid flames!
You are feeling very hungry.
The orc warrior burns!
The orc warrior burns!
The orc warrior hits you from afar with an uncursed orcish halberd!
* * * LOW HITPOINT WARNING * * *
The orc warrior barely misses you.
Things that are here:
a hippogriff corpse; a runed bow; 15 arrows of flame Drink which item? (? for menu, Esc to quit)
You are confused.
It was a potion of confusion.
You are feeling hungry.
The orc warrior burns!
The orc warrior hits you from afar with an uncursed orcish halberd!
You die...

Z. #...# ..
###.# ## #.#
#.# #.# #.#
#.# #(#
###@#####
#.......#
#o....<..#
..........#
####.......#
#......##
########


You could see an orc warrior (burning).

Vanquished Creatures
  A hippogriff (D:6)
  Edmund (D:4)
  2 centaurs (D:6)
  4 ogres
  A giant frog (D:6)
  A centaur zombie (D:6)
  2 crimson imps
  2 goliath beetles
  An orc priest (D:5)
  A hound (D:5)
  2 iguanas
  A worker ant (D:6)
  4 orc wizards
  A scorpion (D:6)
  Ijyb (D:4)
  Terence (D:2)
  7 adders
  12 gnolls
  3 giant geckos
  3 oozes (D:1)
  14 orcs
  3 ball pythons
  4 bats
  3 giant cockroaches
  14 goblins
  13 hobgoblins
  8 jackals
  14 kobolds
  3 giant newts
  A hobgoblin skeleton (D:5)
  A quokka (D:6)
  11 rats
  A rat skeleton (D:4)
141 creatures vanquished.

Notes
Turn   | Place    | Note
--------------------------------------------------------------
     0 | D:1      | Misa, the Naga Fire Elementalist, began the quest for the Orb.
     0 | D:1      | Reached XP level 1. HP: 15/15 MP: 3/3
   429 | D:1      | Reached XP level 2. HP: 13/22 MP: 4/4
   762 | D:1      | Reached XP level 3. HP: 14/28 MP: 6/6
   816 | D:1      | Learned a level 3 spell: Conjure Flame
  1951 | D:2      | Found a bloodstained altar of Trog.
  2062 | D:2      | Reached skill level 4 in Stealth
  2062 | D:2      | Reached XP level 4. HP: 25/36 MP: 0/7
  2130 | D:2      | Found a glowing golden altar of the Shining One.
  2195 | D:2      | Noticed Terence
  2276 | D:2      | Killed Terence
  3194 | D:3      | Found a glowing silver altar of Zin.
  3194 | D:3      | Found a deep blue altar of Sif Muna.
  3279 | D:3      | Reached XP level 5. HP: 31/42 MP: 9/9
  3358 | D:3      | Learned a level 4 spell: Sticky Flame
  3985 | D:4      | Noticed an ogre
  3991 | D:4      | Killed an ogre
  3991 | D:4      | Reached skill level 5 in Stealth
  3991 | D:4      | Reached XP level 6. HP: 49/49 MP: 6/12
  4001 | D:4      | Found a staircase to the Ecumenical Temple.
  4010 | Temple   | Entered the Ecumenical Temple
  4046 | Temple   | Became a worshipper of Cheibriados the Contemplative
  4163 | D:4      | Noticed Ijyb
  4172 | D:4      | Killed Ijyb
  4255 | D:4      | Noticed an ogre
  4260 | D:4      | Killed an ogre
  4447 | D:4      | Noticed profreshinal's ghost (weakling MiTm)
  4878 | D:4      | Reached skill level 6 in Stealth
  4955 | D:4      | Noticed Edmund
  4969 | D:4      | Killed Edmund
  4969 | D:4      | Reached XP level 7. HP: 38/55 MP: 10/15
  5057 | D:4      | Acquired Cheibriados' first power
  5098 | D:5      | Entered Level 5 of the Dungeon
  5614 | D:5      | Reached skill level 5 in Fire Magic
  5840 | D:5      | Found Oclagg's Magical Wand Shoppe.
  5857 | D:5      | Reached skill level 7 in Stealth
  6728 | D:6      | Reached XP level 8. HP: 59/62 MP: 10/18
  7183 | D:6      | Reached skill level 8 in Stealth
  7481 | D:6      | Found an iron altar of Okawaru.
  7583 | D:6      | Acquired Cheibriados' second power
  7583 | D:6      | Reached skill level 5 in Conjurations
  8047 | D:6      | Learned a level 5 spell: Fireball
  8106 | D:6      | Reached skill level 1 in Invocations
  8111 | D:6      | Mangled by an orc warrior

Action                   |  1- 3 |  4- 6 |  7- 9 || total
-------------------------+-------+-------+-------++-------
Melee: Unarmed           |    12 |       |       ||    12
       Club              |    43 |       |       ||    43
       Dagger            |    20 |    19 |       ||    39
       Mace              |       |    80 |    69 ||   149
       Short sword       |       |     9 |   130 ||   139
       Dire flail        |       |       |     4 ||     4
 Cast: Flame Tongue      |    47 |    73 |    37 ||   157
       Conjure Flame     |     1 |     5 |     3 ||     9
       Sticky Flame      |       |     5 |    13 ||    18
 Abil: Spit Poison       |     5 |     7 |     3 ||    15
  Use: Scroll            |       |     1 |     1 ||     2
       Potion            |       |     1 |     3 ||     4
 Stab: Sleeping          |     3 |     3 |     2 ||     8
